[Event "Early-Titled-Tuesday-Blitz-March-19-2024"]
[Site "Chess.com"]
[Date "2024.03.19"]
[Round "9"]
[White "Elegance_Riks"]
[Black "GMKrikor"]
[Result "1-0"]
[WhiteElo "2782"]
[BlackElo "2882"]
[TimeControl "180+1"]
[EndTime "9:46:27 PDT"]
[Termination "Elegance_Riks won by resignation"]

1. e4 c5 2. c3 d5 3. exd5 Qxd5 4.
Nf3 g6 5. d4 Bg7 6. Be2 Nf6 7.
O-O cxd4 8. cxd4 O-O 9. Nc3 Qd6 10. Bg5 Be6 11. Rc1 a6 12. Bh4 Nd5 13. Ne4 Qb6 14. Qd2 Nc6 15. Rfd1 Rad8 16. h3 h6 17. Bg3 Bf5 18.
Nc3 Be6 19. Na4 Qa7 20. Nc5 Bf5 21. Ne5 Nxe5 22. Bxe5 a5 23. Bf3 b6 24. Bxg7 Kxg7 25. Na4 Rd6 26. Bxd5 Rxd5 27. Nc3 Rdd8 28. d5 Kg8 29.
Qxh6 b5 30. Nxb5 Qb6 31. a4 Bd7 32. Rd4 Qf6 33. Rh4 Qg7 34. Qxg7+ Kxg7 35. Rd4 Bxb5 36. axb5 Rb8 37. Rc5 Rfd8 38. Re4 Rd7 39. Kh2 Rb6 40.
Ra4 Rbd6 41. Rxa5 Rxd5 42. b6 R5d6 43. Rab5 Rb7 44. b4 Kf6 45. Kg3 Rdxb6 46. Rxb6+ Rxb6 47. b5 e6 48. Kf3 Ke7 49. h4 Kf6 50. Ke4 Rb8 51.
g4 Ke7 52. h5 gxh5 53. gxh5 Kf6 54. Kd4 Rb7 55. Kc4 Rb8 56. Kb4 Ra8 57. b6 Rb8 58. Kb5 Ke7 59. Ka6 Kd6 60. Rg5 Ra8+ 61. Kb7 Ra2 62. Rg3 Rxf2 63. Rd3+ Ke7 64. Rc3 Rh2 65. Kc7 Rxh5 66. b7 Rb5 67. b8=Q Rxb8 68. Kxb8 e5 69. Kc7 Ke6 70. Kc6 e4 71. Kc5 Ke5 72. Kc4 f5 73. Ra3 f4 74. Ra8 f3 75.
Re8+ Kf4 76. Kd4 f2 77. Rf8+ Kg3 78. Ke3 1-0

[Event "Early-Titled-Tuesday-Blitz-March-19-2024"]
[Site "Chess.com"]
[Date "2024.03.19"]
[Round "9"]
[White "EternalNight8"]
[Black "Sofia_Blokhin"]
[Result "1-0"]
[WhiteElo "2487"]
[BlackElo "2250"]
[TimeControl "180+1"]
[EndTime "9:46:27 PDT"]
[Termination "EternalNight8 won on time"]

1. d4 f5 2. Bg5 h6 3. Bh4 g5 4. Bg3 Nf6 5. e3 d6 6. Be2 e6 7. Bh5+ Ke7 8. Be2 Nc6 9. Nc3 Bd7 10. h4 Rg8 11. hxg5 hxg5 12. Qd2 Qe8 13. O-O-O Qf7 14.
f3 Re8 15. e4 f4 16. Bf2 d5 17. e5 Nh5 18. Kb1 Kd8 19. Bd3 Bb4 20. Nge2 Rh8 21.
a3 Ba5 22. b4 Bb6 23. Rh3 Ng7 24.
Rdh1 Rxh3 25. Rxh3 Nf5 26. Bxf5 Qxf5 27. Nc1 Kc8 28. Nb3 g4 29. fxg4 Qxg4 30. Be1 Rg8 31. Rf3 Qxg2 32. Qxf4 Kb8 33. Rf2 Qg1 34. Rf1 Qg2 35. Bd2 a6 36. Be3 Ne7 37. Rg1 Qxg1+ 38.
Bxg1 Rxg1+ 39. Kb2 Nf5 40. Qf2 Rg4 41. Ne2 Bb5 42. Nc5 Bxc5 43. dxc5 Bxe2 44. Qxe2 Re4 45. Qh5 Ka7 46. Qh8 Re2 47. Qh5 Nd4 48. Kb1 Rxc2 49.
Qd1 Rc4 50. Qd3 Nb5 51. a4 Nc3+ 52. Ka1 Nxa4 53. Qh3 Rxb4 54. Qxe6 Nxc5 55. Qxd5 b6 56.
Qc6 Kb8 57. Qe8+ Kb7 58. e6 Ra4+ 59. Kb1 Re4 60. e7 Re1+ 61. Kc2 Re2+ 62. Kd1 Re6 63. Qd8 a5 64. e8=Q Rxe8 65. Qxe8 a4 66. Kc2 Ka6 67.
Kb2 Ka5 68. Ka3 b5 69. Qa8+ Kb6 70. Qb8+ Nb7 71. Qh8 c5 72. Qf6+ 1-0

[Event "Early-Titled-Tuesday-Blitz-March-19-2024"]
[Site "Chess.com"]
[Date "2024.03.19"]
[Round "9"]
[White "AlexTruskavetsky"]
[Black "cande_francisco"]
[Result "0-1"]
[WhiteElo "2675"]
[BlackElo "2549"]
[TimeControl "180+1"]
[EndTime "9:46:42 PDT"]
[Termination "cande_francisco won by checkmate"]

1. d4 Nf6 2. c4 c5 3. d5 e6 4. Nc3 exd5 5. cxd5 d6 6. e4 g6 7. f4 Bg7 8. Nf3 O-O 9. Bd3 Re8 10. O-O Bg4 11. h3 Bxf3 12. Qxf3 Nbd7 13. a4 a6 14. Bd2 Rc8 15. Rfe1 c4 16. Bc2 b5 17. axb5 axb5 18. Nd1 b4 19. Nf2 b3 20.
Bd1 Nc5 21. Bc3 Qd7 22. Re3 Na4 23. Rxa4 Qxa4 24. e5 Nd7 25. Ne4 dxe5 26. Nd6 Qa7 27. Nxc8 Rxc8 28. fxe5 Nxe5 29. Qe4 Bh6 30. Bd4 Qe7 31.
Re1 f6 32. Bg4 Rd8 33. Be6+ Kh8 34. Rf1 Bg7 35. Bxe5 fxe5 36. Qxc4 e4 37. Qxb3 Qc5+ 38. Kh1 Be5 39. Qa4 Qe3 40. Qa5 Rb8 41. Qa3 Qxa3 42.
bxa3 e3 43. Bg4 h5 44. Bf3 Rb2 45. Re1 Bg3 46. Rc1 e2 47. Bxe2 Rxe2 48. a4 Ra2 49. Rd1 Rxa4 50. d6 Ra8 51. d7 Rd8 52. Rd3 h4 53. Kg1 Kg7 54. Kf1 Kf7 55. Ke2 Ke7 56. Kf3 Rxd7 57. Re3+ Kf6 58. Ra3 Rd5 59. Rb3 Kg5 60.
Rb4 Rf5+ 61. Ke3 Rf2 62. Rb6 Rxg2 63. Rb5+ Kh6 64. Rb4 Rh2 65. Kf3 Rxh3 66. Rb7 Rh2 67. Kg4 Rc2 68. Kh3 Rc4 69. Rb5 g5 70. Kg2 g4 71. Rd5 Rc2+ 72. Kh1 h3 73. Kg1 Rc1+ 74. Rd1 Rxd1# 0-1

[Event "Early-Titled-Tuesday-Blitz-March-19-2024"]
[Site "Chess.com"]
[Date "2024.03.19"]
[Round "9"]
[White "AttackSparrow"]
[Black "Vse_po_kaify"]
[Result "0-1"]
[WhiteElo "2640"]
[BlackElo "2490"]
[TimeControl "180+1"]
[EndTime "9:46:42 PDT"]
[Termination "Vse_po_kaify won on time"]

1. Nf3 c5 2. e3 Nc6 3. d4 d6 4.
h3 g6 5. Be2 Bg7 6. O-O e5 7.
dxc5 dxc5 8. Nc3 Nge7 9. Ne4 O-O 10. Nxc5 Qb6 11. Nb3 e4 12. Nfd4 Rd8 13. c3 a5 14.
a4 Nxd4 15. exd4 Be6 16. Nc5 Bd5 17. Qc2 Rac8 18. Bg5 Re8 19. Bb5 Nc6 20. Rfe1 h6 21. Be3 f5 22. Qd2 g5 23. c4 Bf7 24. d5 f4 25. Nd7 fxe3 26. Nxb6 exd2 27. Re2 Nd4 28. Rxd2 Nb3 29. Rad1 Nxd2 30. Rxd2 Rcd8 31. Bxe8 Bxe8 32. b3 Bc3 33. Rd1 Bb4 34. d6 Bc5 35. Nd5 Rxd6 36.
Re1 Bc6 37. Ne7+ Kf7 38. Nxc6 bxc6 39. Rxe4 Rd2 40. Re5 Bxf2+ 41. Kf1 Bg3 42. Rxa5 Rf2+ 43. Kg1 Re2 44. Rf5+ Ke6 45. Rf1 Kd6 46. Rd1+ Kc5 47. Kf1 Rf2+ 48. Kg1 Ra2 49. Kf1 Kb4 50. Rd3 Be5 51. Re3 Bc3 52. Re6 Kxb3 53. Rxc6 h5 54.
Rg6 Bd2 55. c5 Rxa4 56. Ke2 Bf4 57. g3 Bxg3 58. Rxg5 h4 59. Kd3 Rc4 60. Rd5 Kb4 61. Rf5 Rc1 62. Ke2 Kb5 63. Kf3 Kc6 64. Kg2 Rc2+ 65.
Kf3 Kd7 66. Kg4 Ke6 67. Rh5 Rc4+ 68. Kf3 Rc3+ 69. Kg4 Be1 70. Rh6+ Kf7 71. c6 Rg3+ 72. Kxh4 Kg7 0-1

[Event "Early-Titled-Tuesday-Blitz-March-19-2024"]
[Site "Chess.com"]
[Date "2024.03.19"]
[Round "9"]
[White "Kotofeyca"]
[Black "awesomevishesh"]
[Result "0-1"]
[WhiteElo "2460"]
[BlackElo "2616"]
[TimeControl "180+1"]
[EndTime "9:46:47 PDT"]
[Termination "awesomevishesh won by checkmate"]

1. d4 Nf6 2. c4 g6 3. f3 Bg7 4. e4 d6 5. Nc3 O-O 6. Be3 a6 7. Bd3 Nbd7 8. Nge2 c5 9. O-O b6 10. Qd2 Bb7 11. b3 cxd4 12. Nxd4 Rc8 13. a4 Nc5 14. Bc2 Nfd7 15. a5 bxa5 16. Ra3 Re8 17.
Rfa1 Qb6 18. Rxa5 Bxd4 19. Bxd4 e5 20. Na4 Qc7 21. Be3 Nxa4 22. R5xa4 Nc5 23. R4a3 Ne6 24. Rd1 Red8 25. Kh1 f6 26. Qb4 Nc5 27. Rd2 Rb8 28.
Qc3 Bc8 29. Ra1 Be6 30. Rad1 a5 31. Ra1 Nb7 32. h3 Kg7 33. Kh2 Rdc8 34. Qd3 Ra8 35. Rdd1 Rd8 36. Qd2 Nc5 37. Qf2 Kf7 38. Qh4 Kg7 39.
Qh6+ Kg8 40. h4 Qg7 41. Qxg7+ Kxg7 42. Bd2 Nb7 43. Bc3 Kf7 44. Kg3 Ke7 45. Ra3 Rdb8 46. Rda1 Kd7 47. Bxa5 Nc5 48. Bc3 Rxa3 49. Rxa3 Kc6 50.
Kf2 Kc7 51. Ke3 Kb7 52. Kd2 f5 53. b4 Nd7 54. Bd3 f4 55. Kc2 Rc8 56. Kb3 Nb6 57. Be1 Nxc4 58. Bxc4 Rxc4 59. Kb2 h5 60. Rd3 Rc6 61. Bc3 Kb6 62. Rd1 Kb5 63. Ra1 Kc4 64. Ra7 Kd3 65. Be1 Rc2+ 66. Kb1 Re2 67. Re7 Rxe1+ 68.
Kb2 Re2+ 69. Kb1 Bb3 70. Rd7 Kc3 71. Rc7+ Bc4 72. b5 Re1# 0-1

[Event "Early-Titled-Tuesday-Blitz-March-19-2024"]
[Site "Chess.com"]
[Date "2024.03.19"]
[Round "9"]
[White "AlexanderKing"]
[Black "ViIIagra"]
[Result "0-1"]
[WhiteElo "2651"]
[BlackElo "2936"]
[TimeControl "180+1"]
[EndTime "9:46:57 PDT"]
[Termination "ViIIagra won on time"]

1. c4 d6 2. Nc3 e5 3. Nf3 f5 4. g3 Nc6 5. Bg2 e4 6. Ng1 Nf6 7. d3 exd3 8. Qxd3 Ne5 9. Qc2 Be7 10.
b3 O-O 11. Nh3 Re8 12. O-O Bf8 13. Bb2 a6 14. Rad1 Rb8 15. a4 Qd7 16. Nf4 c6 17. Rd2 Qc7 18. Rfd1 Bd7 19. Ba3 Nf7 20. e3 Rbd8 21.
Nce2 Bc8 22. Nd4 Ne4 23. Re2 g6 24. Bb2 Bg7 25. Nf3 Bxb2 26. Qxb2 Qe7 27. Nd2 Qe5 28. Nf3 Qxb2 29. Rxb2 Ne5 30. Rc2 Kf7 31. Nd4 g5 32.
Nfe2 Kf6 33. Nf3 Nc5 34. Rc3 a5 35. Nfd4 Be6 36. Nxe6 Nxe6 37. h3 g4 38. h4 Rd7 39.
Nd4 Nxd4 40. Rxd4 h5 41. Rc2 Red8 42. Rcd2 Ke6 43. Rf4 Ng6 44. Rfd4 Nf8 45. e4 fxe4 46. Bxe4 Kf6 47. f3 Ne6 48. R4d3 Nc5 49. Re3 Re7 50. Rde2 Rde8 51. Kf1 Kg7 52. Kf2 Re5 53. Bc2 Rxe3 54.
Rxe3 Rf8 55. f4 Kf6 56. Ke2 Ne6 57. Kd3 Rb8 58. Kc3 Nc5 59. f5 Rd8 60. Re2 Kf7 61.
Kd4 Re8 62. Rxe8 Kxe8 63. Bd1 Ke7 64. Ke3 Kf6 65. Kf4 Nd3+ 66. Ke3 Ne5 67. Kf4 Nd7 68. Bc2 Nc5 69. Bd1 d5 70. cxd5 cxd5 71. Bc2 d4 72. Bd1 d3 73. Ke3 Kxf5 74. Kd4 b6 75. Kc4 Ke4 76. Kb5 Ke3 77. Kxb6 Ne4 78. Kxa5 Nc3 0-1

[Event "Early-Titled-Tuesday-Blitz-March-19-2024"]
[Site "Chess.com"]
[Date "2024.03.19"]
[Round "9"]
[White "toninhojit"]
[Black "KVAIDAN"]
[Result "1/2-1/2"]
[WhiteElo "2478"]
[BlackElo "2326"]
[TimeControl "180+1"]
[EndTime "9:47:13 PDT"]
[Termination "Game drawn - insufficient material"]

1. e4 e5 2. Nf3 d5 3. d3 dxe4 4. dxe4 Qxd1+ 5. Kxd1 Bg4 6. c3 Nd7 7. Kc2 O-O-O 8. Nbd2 f6 9. Bc4 Ne7 10. h3 Bh5 11.
Be6 Kb8 12. Nb3 Nc6 13. Be3 Bg6 14. Nfd2 Nb6 15. f3 a5 16. Bxb6 cxb6 17. Nc4 Ka7 18. a4 Be7 19. Ne3 Rd6 20. Bc4 Rhd8 21. Rad1 Nb8 22.
Bb5 Bf7 23. Bc4 Be8 24. Bb5 Nc6 25. Nd2 Rc8 26. Ndc4 Nd4+ 27. Kb1 Nxb5 28. axb5 Rxd1+ 29. Rxd1 Bxb5 30. Nd6 Bxd6 31. Rxd6 Rc7 32. Kc2 Bc6 33. h4 Rf7 34. h5 g6 35. Ng4 gxh5 36. Nxf6 Rg7 37.
Nxh5 Rxg2+ 38. Kb3 Rf2 39. Re6 Rxf3 40. Rxe5 Re3 41.
Nf6 h6 42. Ka3 b5 43. Rh5 Rf3 44. Rxh6 b4+ 45. Kb3 bxc3 46. bxc3 a4+ 47. Kb4 Rf1 48. Nd5 Rb1+ 49. Ka3 Rb3+ 50. Ka2 Bxd5 51. exd5 Rxc3 52.
Rh4 b5 53. Rh6 Rd3 54. Rd6 Kb7 55. Kb2 b4 56. Kc2 Rh3 57. Rg6 Rh2+ 58. Kd3 a3 59. Kc4 a2 60. Rg1 Rh4+ 61. Kb3 Kb6 62. Kxa2 Kb5 63.
Kb3 Rh3+ 64. Kb2 Rd3 65. Rg5 Kc4 66. Rg4+ Kb5 67. Rg5 Ka4 68. Rg2 Rxd5 69. Rh2 Rf5 70. Rg2 Rf3 71. Rh2 Rf4 72. Rg2 Kb5 73. Rh2 Kc4 74. Rg2 Rd4 75. Rh2 Rd8 76. Rh4+ Kb5 77. Rh5+ Ka4 78. Rh2 Rd4 79. Rg2 b3 80. Rg8 Rd2+ 81.
Kb1 Kb4 82. Rb8+ Kc3 83. Rc8+ Kd3 84. Rd8+ Kc3 85. Rxd2 Kxd2 86. Kb2 Kd3 87. Kxb3 1/2-1/2

[Event "Early-Titled-Tuesday-Blitz-March-19-2024"]
[Site "Chess.com"]
[Date "2024.03.19"]
[Round "9"]
[White "Lady_Nika"]
[Black "DraningWaterHi"]
[Result "1/2-1/2"]
[WhiteElo "2570"]
[BlackElo "2279"]
[TimeControl "180+1"]
[EndTime "9:47:26 PDT"]
[Termination "Game drawn by repetition"]

1. c4 Nf6 2. Nc3 g6 3. d4 Bg7 4. e4 d6 5. f3 O-O 6. Be3 c5 7. d5 e6 8. dxe6 fxe6 9. Qd2 Nc6 10. Nh3 e5 11. Nf2 Nd4 12. Bd3 Be6 13. Nd5 Bxd5 14.
exd5 Nh5 15. O-O-O Nf4 16. Ne4 Nxd3+ 17. Qxd3 a6 18.
h4 Nf5 19. Bg5 Qd7 20. h5 h6 21. Bd2 g5 22. Kb1 Qe7 23. Bc3 Rab8 24. a4 Qd7 25. a5 b6 26. axb6 Rxb6 27. g3 Rfb8 28. Rh2 Rb3 29. Rg1 a5 30. f4 exf4 31. gxf4 Bxc3 32. Nxc3 Nd4 33. fxg5 Qf5 34. gxh6+ Kh7 35. Qxf5+ Nxf5 36. Nb5 Nd4 37. Nxd4 cxd4 38. Rg6 d3 39.
Ka2 R8b6 40. Rf2 Rb7 41. Rxd6 a4 42. c5 a3 43. bxa3 Rc3 44. c6 Rb8 45. Rd7+ Kxh6 46. Rb7 Rd8 47. Kb2 Rc5 48. c7 Rdxd5 49. Rd2 Kxh5 50.
a4 Rd6 51. Rb5 Rc6 52. Rxc5+ Rxc5 53. Rxd3 Rxc7 54. Kb3 Kg5 55. Rd5+ Kf4 56. Kb4 Ke4 57. Rd6 Ke5 58. Rb6 Rc1 59. a5 Kd5 60. Kb5 Rb1+ 61.
Ka6 Ra1 62. Rh6 Kc5 63. Rh5+ Kc6 64. Ka7 Kc7 65. a6 Ra2 66. Rc5+ Kd6 67. Rc1 Rb2 68. Rc8 Rb1 69. Ka8 Kd7 70. Rc3 Rb2 71. a7 Rb1 72.
Rd3+ Kc7 73. Rc3+ Kd7 74. Rc4 Rb2 75. Rh4 Rb1 76. Rh7+ Kc8 77. Rh8+ Kc7 78. Rb8 Ra1 79. Rb7+ Kc8 80. Rb4 Kc7 81. Rc4+ Kb6 82. Rb4+ Kc7 83. Rb2 Ra3 84. Rc2+ Kd7 85. Kb7 Rb3+ 86. Ka6 Ra3+ 87.
Kb6 Rb3+ 88. Ka6 Ra3+ 89. Kb7 Rb3+ 90. Ka8 Rb4 91. Rc5 Rb3 92. Rc2 Rb4 93. Rd2+ Kc7 94.
Rc2+ Kd7 1/2-1/2

[Event "Early-Titled-Tuesday-Blitz-March-19-2024"]
[Site "Chess.com"]
[Date "2024.03.19"]
[Round "9"]
[White "HansOnTwitch"]
[Black "DonkyDonkyDonkey"]
[Result "1-0"]
[WhiteElo "3087"]
[BlackElo "2979"]
[TimeControl "180+1"]
[EndTime "9:47:40 PDT"]
[Termination "HansOnTwitch won by resignation"]

1. d4 Nf6 2. Nc3 d5 3. Bf4 g6 4.
e3 Bg7 5. Nb5 Na6 6. h3 O-O 7.
Nf3 c6 8. Nc3 Nb8 9. Bd3 a6 10.
O-O Nbd7 11. e4 dxe4 12. Nxe4 Nxe4 13. Bxe4 c5 14. Be3 cxd4 15. Nxd4 Nf6 16. Bf3 Nd5 17. Bg5 h6 18. Bc1 e5 19. Nb3 Nb4 20. Bd2 Nc6 21. Be3 Bf5 22. Qxd8 Rfxd8 23. c3 Bd3 24. Rfe1 e4 25.
Be2 Ne5 26. Nd2 f5 27. Bd4 Bxe2 28. Rxe2 Nd3 29. Nb3 Rac8 30. Rd1 b5 31. a3 Rd5 32. g3 Rcd8 33. f3 exf3 34. Re7 Bf8 35. Re3 Nxb2 36. Rf1 Nc4 37. Re6 Kf7 38. Rf6+ Kg8 39. Rxg6+ Kf7 40. Rxa6 Bxa3 41. Rxf3 Bb2 42. Rxh6 b4 43. Rc6 Na3 44.
Rf6+ Kg8 45. Rg6+ Kf7 46. Rg7+ Kf8 47. Rh7 bxc3 48. Rh8+ Kf7 49. Rxd8 Rxd8 50. Bxc3 Rd1+ 51. Kg2 Bxc3 52. Rxc3 Nb1 53. Rc4 Rd3 54. Nd4 Nd2 55. Rc7+ Kf6 56. Rc6+ Ke5 57. Ne2 Ne4 58. Re6+ Kxe6 59.
Nf4+ Kf6 60. Nxd3 Kg5 61. h4+ Kg6 62. Kf3 Nf6 63. Nf4+ Kf7 64. Ng2 Nh5 65. Nf4 Nf6 66. Ke3 Ng4+ 67. Kd4 Kf6 68. Ng2 Nh2 69. Ke3 Ng4+ 70.
Kf4 Ne5 71. Ne3 Ng6+ 72. Kf3 f4 73. Nd5+ Kf5 74. Nxf4 Ne5+ 75. Kg2 Kg4 76. Nh3 Ng6 77. Nf2+ Kf5 78. Kh3 Ne5 79. Kg2 Ng6 80. Kf3 Ne5+ 81.
Ke3 Ng6 82. g4+ Kf6 83. Ne4+ Ke5 84. h5 Nf4 85. Kf3 Ne6 86. Nf2 Ng5+ 87. Kg3 Ne6 88. Nh3 Nc5 89. Ng5 Kf6 90. Nf3 Ne6 91. Kh4 Nf4 92. Nd2 Ng2+ 93. Kg3 Ne3 94. Ne4+ Kg7 95.
Kf4 Nd5+ 96. Kg5 Ne7 97. h6+ Kh8 98. Kh5 Nd5 99. g5 Nf4+ 100. Kg4 Ng6 101. Ng3 Kh7 102. Nh5 Kh8 103. Nf4 Ne5+ 104. Kh5 Kh7 105. g6+ Kg8 106.
Nd5 Nd7 107. Kg5 Kh8 108. g7+ Kg8 109. Ne7+ 1-0

[Event "Early-Titled-Tuesday-Blitz-March-19-2024"]
[Site "Chess.com"]
[Date "2024.03.19"]
[Round "9"]
[White "RantomOpening"]
[Black "UK_23"]
[Result "1/2-1/2"]
[WhiteElo "2597"]
[BlackElo "2402"]
[TimeControl "180+1"]
[EndTime "9:47:41 PDT"]
[Termination "Game drawn - insufficient material"]

1. Nc3 e5 2. Nf3 Nc6 3. d4 exd4 4. Nxd4 Nf6 5. Nxc6 bxc6 6. e4 Bb4 7. Bd3 d5 8.
exd5 O-O 9. O-O Bg4 10. f3 Bh5 11. dxc6 Qd4+ 12. Kh1 Bxc3 13. bxc3 Qxc3 14. Rb1 Qxc6 15. Bb2 Bg6 16. Bxg6 hxg6 17. Bxf6 gxf6 18. Qe2 Rfe8 19. Qf2 Kg7 20. Rfe1 Qc4 21. Rxe8 Rxe8 22. Qxa7 Qxc2 23.
Rg1 Qc4 24. a4 Re6 25. h3 Ra6 26. Qe3 Rxa4 27. Rc1 Qf4 28. Qxf4 Rxf4 29. Rxc7 Ra4 30. Kh2 g5 31. g4 Kg6 32. Kg3 Ra3 33. Rc8 Kg7 34. Rb8 Rc3 35. Rb7 Kg6 36. Rb6 Kg7 37. Rb5 Kg6 38. Rb4 Kg7 39. Rb2 Kg6 40. Rb1 Kg7 41.
Ra1 Kg6 42. Rd1 Kg7 43. Re1 Ra3 44. Rf1 Rb3 45. Rg1 Ra3 46. Rh1 Rb3 47. Rh2 Ra3 48. Rg2 Rb3 49. Rf2 Ra3 50. h4 gxh4+ 51. Kxh4 Kg6 52. f4 f5 53. g5 f6 54. gxf6 Kxf6 55.
Rb2 Ra6 56. Kh5 Rc6 57. Ra2 Rb6 58. Ra8 Rb1 59. Ra6+ Ke7 60. Kg5 Rb5 61. Rc6 Ra5 62.
Rh6 Rb5 63. Rh2 Ra5 64. Re2+ Kf7 65. Rc2 Rb5 66. Rc7+ Ke6 67. Rh7 Ra5 68. Rh6+ Kf7 69. Rb6 Rc5 70. Rb4 Ra5 71. Rb3 Rc5 72. Rb2 Ra5 73.
Rb1 Rc5 74. Ra1 Rb5 75. Ra6 Rc5 76. Ra7+ Ke6 77. Kg6 Rb5 78. Ra1 Rc5 79. Re1+ Kd7 80. Kf7 Rc4 81. Rd1+ Kc6 82. Ke6 Rxf4 83. Ke5 Rf2 84.
Rd6+ Kc5 85. Rd8 f4 86. Ke4 Rf1 87. Rd7 Kc6 88. Rd8 Kc7 89. Rd2 Kc6 90. Ke5 f3 91. Kf4 f2 92. Kf3 Kc5 93. Kg2 Rc1 94. Kxf2 Kc4 95. Rd8 Ra1 96. Ke3 Kc5 97. Rc8+ Kd6 98. Rh8 Ra4 99. Rh6+ Ke5 100. Rh5+ Kf6 101. Rb5 Ke6 102. Kf3 Kf6 103. Rb3 Ke6 104. Ke3 Kd6 105. Kd3 Ke6 106.
Rb1 Kd6 107. Kc3 Rh4 108. Rg1 Kc5 109. Rg5+ Kc6 110. Rg6+ Kc5 111. Rg8 Kc6 112. Kd2 Kd5 113. Ra8 Kd6 114. Ra6+ Kc5 115. Ra7 Kb6 116. Ra8 Kc5 117. Ke3 Kd5 118. Ra6 Kc5 119. Ra5+ Kd6 120. Ra6+ Kc5 121. Kf3 Rb4 122. Rg6 Kd5 123. Ke3 Ke5 124. Rg8 Rb3+ 125. Kd2 Rh3 126. Rg2 Kd4 127. Rg4+ Kd5 128. Ra4 Kc5 129. Ra8 Kd5 130. Rd8+ Kc5 131. Rd7 Kc6 132. Rd3 Rxd3+ 133. Kxd3 1/2-1/2

[Event "Early-Titled-Tuesday-Blitz-March-19-2024"]
[Site "Chess.com"]
[Date "2024.03.19"]
[Round "9"]
[White "platy3"]
[Black "rezamahdavi2008"]
[Result "1/2-1/2"]
[WhiteElo "2953"]
[BlackElo "2862"]
[TimeControl "180+1"]
[EndTime "9:47:47 PDT"]
[Termination "Game drawn by stalemate"]

1. e4 c5 2. Nf3 d6 3. d4 cxd4 4. Nxd4 Nf6 5. Bd3 Nc6 6. Be3 Ng4 7. Nxc6 bxc6 8. Bd2 g6 9. Bc3 e5 10. h3 Nf6 11.
O-O Bg7 12. Nd2 O-O 13. b3 Be6 14. Bb2 Nh5 15. Re1 Nf4 16. Bf1 Qg5 17. Kh1 Rad8 18. c4 f5 19. Nf3 Qh5 20. Nd2 Qh6 21. exf5 Bxf5 22. Ne4 d5 23. cxd5 cxd5 24. Ng3 e4 25.
Bxg7 Qxg7 26. Qd2 Ne6 27. Rad1 h5 28. Qa5 h4 29. Nxf5 Rxf5 30. f3 Qf6 31. fxe4 dxe4 32. Rxd8+ Nxd8 33. Qa6 Qxa6 34. Bxa6 Re5 35. Kg1 Kg7 36. Kf2 Ra5 37. Bc4 Rxa2+ 38. Kf1 Nb7 39. Rxe4 Nd6 40. Rxh4 Nf5 41. Rf4 Ne3+ 42. Kg1 Rxg2+ 43.
Kh1 Ra2 44. Bd3 Rb2 45. Rf3 Nd5 46. Bc4 Nf6 47. Kg1 a5 48. Kf1 Rc2 49. Rf4 Nh5 50. Rg4 Rh2 51. h4 Nf6 52. Rd4 Kh6 53. Bd3 Kh5 54. Rd6 Ng4 55. Be2 Rf2+ 56. Ke1 Rf4 57. Rd5+ Kxh4 58. Rxa5 Ne3 59. Re5 Ng2+ 60. Kd2 g5 61. b4 Rxb4 62. Re8 Nf4 63. Bf3 Rb2+ 64. Ke3 Rb3+ 65. Kf2 Nh3+ 66. Kg2 Nf4+ 67. Kf2 Rb2+ 68. Ke3 Kg3 69. Bc6 Re2+ 70. Kd4 Rd2+ 71. Ke4 g4 72. Kf5 Nh3 73. Re3+ Kh4 74. Re4 Rf2+ 75.
Ke5 Rf8 76. Bd7 Nf2 77. Rd4 Kg5 78. Bxg4 Nxg4+ 79. Ke6 Re8+ 80. Kd7 Nf6+ 81. Kd6 Kf5 82. Ra4 Re6+ 83. Kc7 Nd5+ 84. Kb7 Ke5 85. Rh4 Rb6+ 86. Ka7 Rb1 87. Rh5+ Kd6 88. Rh6+ Kc5 89. Rg6 Ne7 90. Rg5+ Kd6 91. Ka6 Kc7 92. Ka5 Kc6 93. Ka4 Nd5 94. Ka3 Kc5 95. Rh5 Rb8 96. Ka2 Kd4 97. Ka3 Nc3 98.
Rh4+ Kd3 99. Rh3+ Kc4 100. Rh4+ Kc5 101. Rc4+ Kxc4 1/2-1/2

[Event "Early-Titled-Tuesday-Blitz-March-19-2024"]
[Site "Chess.com"]
[Date "2024.03.19"]
[Round "10"]
[White "The_Straightforward_Rook"]
[Black "Aleksandar-Topalov"]
[Result "1-0"]
[WhiteElo "2423"]
[BlackElo "2277"]
[TimeControl "180+1"]
[EndTime "9:50:11 PDT"]
[Termination "The_Straightforward_Rook won by resignation"]

1. Nf3 Nf6 2. g3 g6 3. Bg2 Bg7 4. O-O O-O 5. c4 d6 6. b3 Ne4 7. d4 c5 8. Bb2 f5 9. Nc3 Nxc3 10. Bxc3 Nc6 11. e3 e5 12. dxc5 dxc5 13. Qd5+ Kh8 14. Qxc5 1-0

[Event "Early-Titled-Tuesday-Blitz-March-19-2024"]
[Site "Chess.com"]
[Date "2024.03.19"]
[Round "10"]
[White "ZachHKL"]
[Black "Fjal"]
[Result "1-0"]
[WhiteElo "2183"]
[BlackElo "2296"]
[TimeControl "180+1"]
[EndTime "9:50:29 PDT"]
[Termination "ZachHKL won by resignation"]

1. e4 d6 2. d3 g6 3. Nc3 Bg7 4. h4 Nf6 5. Be2 O-O 6. h5 Nxh5 7. Bxh5 gxh5 8. Qxh5 f5 9. Qxh7+ Kf7 10. Bh6 Rg8 11. Nf3 1-0

[Event "Early-Titled-Tuesday-Blitz-March-19-2024"]
[Site "Chess.com"]
[Date "2024.03.19"]
[Round "10"]
[White "abelmat"]
[Black "Chessbard1972"]
[Result "0-1"]
[WhiteElo "2097"]
[BlackElo "2326"]
[TimeControl "180+1"]
[EndTime "9:50:31 PDT"]
[Termination "Chessbard1972 won by checkmate"]

1. d4 Nf6 2. c4 g6 3. Nc3 Bg7 4. e4 d6 5. f3 O-O 6. Be3 Nbd7 7. Nge2 c5 8. Qd2 cxd4 9. Nxd4 Nc5 10. O-O-O a5 11.
h4 h5 12. Kb1 Re8 13. Bh6 Bh8 14.
g3 a4 15. Bh3 Bxh3 16. Rxh3 Qc8 17. Rhh1 Ne6 18. Nxe6 Qxe6 19. Nd5 Nxd5 20. cxd5 Qf6 21. Rhf1 a3 22. b3 Rec8 23. Bg5 Qa1# 0-1

[Event "Early-Titled-Tuesday-Blitz-March-19-2024"]
[Site "Chess.com"]
[Date "2024.03.19"]
[Round "10"]
[White "HamedWafa4"]
[Black "Shield12"]
[Result "0-1"]
[WhiteElo "2833"]
[BlackElo "2956"]
[TimeControl "180+1"]
[EndTime "9:51:03 PDT"]
[Termination "Shield12 won by resignation"]

1. e4 c5 2. Nf3 e6 3. d4 cxd4 4.
Nxd4 Nc6 5. Nc3 Qc7 6. g3 a6 7. Bg2 Nf6 8. O-O Bc5 9. Nb3 Ba7 10. Qe2 O-O 11. Be3 Bxe3 12. Qxe3 d6 13. Rfd1 Ne5 14.
Qe2 Rd8 15. a4 Nc4 16. Rab1 Nxb2 17. Nd5 Nxd5 18. Rxb2 Nc3 19. Qd2 Nxd1 20. Qxd1 e5 21. h4 Be6 22. h5 b5 23. a5 h6 24. f4 Rac8 25. f5 Bxb3 26. Rxb3 Qxc2 27. Qg4 Qxb3 28. f6 Qe3+ 0-1

[Event "Early-Titled-Tuesday-Blitz-March-19-2024"]
[Site "Chess.com"]
[Date "2024.03.19"]
[Round "10"]
[White "Elnaz_Kaliakhmet"]
[Black "GlavkonVVS"]
[Result "0-1"]
[WhiteElo "2538"]
[BlackElo "2691"]
[TimeControl "180+1"]
[EndTime "9:51:11 PDT"]
[Termination "GlavkonVVS won by resignation"]

1. d4 Nf6 2. c4 c5 3. d5 e6 4. Nc3 exd5 5. cxd5 d6 6. Nf3 g6 7. e4 Bg7 8. h3 O-O 9. Bd3 b5 10. Nxb5 Nxe4 11. Bxe4 Re8 12. Ng5 Qa5+ 13. Nc3 Ba6 14.
Qc2 h6 15. Ne6 fxe6 16. dxe6 Rxe6 17. Be3 Bxc3+ 18. bxc3 Rxe4 19. Qxe4 Qxc3+ 20. Kd1 Qxa1+ 21. Kc2 Qxa2+ 22. Kc1 Qc4+ 0-1

[Event "Early-Titled-Tuesday-Blitz-March-19-2024"]
[Site "Chess.com"]
[Date "2024.03.19"]
[Round "10"]
[White "NtcPou"]
[Black "geminithegreat"]
[Result "0-1"]
[WhiteElo "1969"]
[BlackElo "2208"]
[TimeControl "180+1"]
[EndTime "9:51:25 PDT"]
[Termination "geminithegreat won by resignation"]

1. e4 e5 2. Nf3 Nc6 3. Bc4 Bc5 4.
O-O Nf6 5. d3 d6 6. c3 a6 7. Bb3 Ba7 8. Re1 h6 9. Nbd2 g5 10. Nf1 g4 11. N3d2 h5 12. d4 exd4 13. Nc4 Be6 14. e5 dxe5 15. Nxe5 Nxe5 16. Rxe5 Qd6 17.
Bf4 dxc3 18. Rxe6+ Qxe6 19. Bxe6 fxe6 20. Qd4 Bxd4 0-1

[Event "Early-Titled-Tuesday-Blitz-March-19-2024"]
[Site "Chess.com"]
[Date "2024.03.19"]
[Round "10"]
[White "HandKnit"]
[Black "BallottiLuca"]
[Result "0-1"]
[WhiteElo "2481"]
[BlackElo "2391"]
[TimeControl "180+1"]
[EndTime "9:51:28 PDT"]
[Termination "BallottiLuca won by resignation"]

1. Nf3 Nf6 2. g3 g6 3. b3 Bg7 4. Bb2 O-O 5. Bg2 c5 6. O-O Nc6 7. d4 cxd4 8. Nxd4 Nxd4 9. Bxd4 d6 10. c4 Qc7 11. Nc3 Bd7 12. Nd5 Nxd5 13. Bxg7 Kxg7 14.
Bxd5 Bc6 15. Qd4+ f6 16. Rac1 Rac8 17. Be6 Bd7 18. Bxd7 Qxd7 19. Rfd1 b6 20. b4 Qe6 21. e3 Rc7 22. Qd5 Qxd5 23. cxd5 Rfc8 24. Rxc7 Rxc7 25. Rd4 Rc2 26. a4 a5 27. bxa5 bxa5 28. Kg2 Kf7 29.
Kf3 h5 30. h3 g5 31. Rc4 Rxc4 0-1

[Event "Early-Titled-Tuesday-Blitz-March-19-2024"]
[Site "Chess.com"]
[Date "2024.03.19"]
[Round "10"]
[White "NovakRatko"]
[Black "Predator0608"]
[Result "0-1"]
[WhiteElo "2413"]
[BlackElo "2546"]
[TimeControl "180+1"]
[EndTime "9:51:31 PDT"]
[Termination "Predator0608 won by resignation"]

1. c4 b6 2. d4 Bb7 3. Nc3 Nf6 4. d5 e6 5. e4 exd5 6. cxd5 Bb4 7. Bd3 O-O 8. Nf3 Nxe4 9. Bxe4 Re8 10. O-O Bxc3 11. Bxh7+ Kxh7 12. bxc3 Qf6 13. Bb2 Na6 14.
Qc2+ Kg8 15. c4 Qh6 16. Qf5 Nc5 17. Ng5 Qg6 18. Qe5 Rxe5 0-1

[Event "Early-Titled-Tuesday-Blitz-March-19-2024"]
[Site "Chess.com"]
[Date "2024.03.19"]
[Round "10"]
[White "koncheto"]
[Black "manitodeplomo"]
[Result "1-0"]
[WhiteElo "2530"]
[BlackElo "2642"]
[TimeControl "180+1"]
[EndTime "9:51:56 PDT"]
[Termination "koncheto won by checkmate"]

1. e4 e6 2. d4 d5 3. Nd2 c5 4. exd5 Qxd5 5. Ngf3 cxd4 6. Bc4 Qd8 7. O-O Nf6 8. Nb3 Nc6 9. Nbxd4 Nxd4 10. Nxd4 Bc5 11. Be3 O-O 12. c3 Bd6 13. Qf3 Bxh2+ 14. Kh1 Bd6 15.
Rad1 Qe7 16. Rfe1 a6 17. Bg5 Qc7 18. Bxf6 Qxc4 19. Qg4 g6 20. Nf5 Qf4 21. Qxf4 Bxf4 22. Ne7# 1-0